 Dungeon Crawl Stone Soup version 0.30-a0-748-ge6a52f7cba (webtiles) character file.

Game seed: 4577497724567682783

398 porpoise the Vexing (level 6, -5/47 HPs)
             Began as a Demonspawn Enchanter on Feb 9, 2023.
             Slain by Grinder (8 damage)
             ... on level 4 of the Dungeon.
             The game lasted 00:13:41 (3690 turns).

porpoise the Vexing (Demonspawn Enchanter)          Turns: 3690, Time: 00:13:42

Health: -5/47      AC:  3    Str:  9    XL:     6   Next: 53%
Magic:  3/9        EV: 12    Int: 18    God:
Gold:   224        SH:  4    Dex: 13    Spells: 1/9 levels left

rFire   . . .      SeeInvis .    a - +0 dagger (venom)
rCold   . . .      Faith    .    (no shield)
rNeg    . . .      Spirit   .    y - +0 robe
rPois   .          Reflect  .    (helmet restricted)
rElec   .          Harm     .    (no cloak)
rCorr   .          Rampage  .    (no gloves)
Will    .....                    A - +0 pair of boots
Stlth   +++                      (no amulet)
HPRegen 0.27/turn                (no ring)
MPRegen 0.11/turn                (no ring)

@: confusing by touch, very slightly contaminated
A: horns 2, foul stench 1, condensation shield
a: no special abilities


You were on level 4 of the Dungeon.
You visited 1 branch of the dungeon, and saw 4 of its levels.

You collected 224 gold pieces.

Inventory:

Hand Weapons
 a - a +0 dagger of venom (weapon)
 b - a +0 sling
 s - a +1 dagger
 w - a +2 short sword of speed
Missiles
 i - 8 boomerangs (quivered)
 m - 5 javelins
 u - 9 poisoned darts
Armour
 l - a +0 leather armour
 y - a +0 robe (worn)
 A - a +0 pair of boots (worn)
Wands
 t - a wand of polymorph (7)
Scrolls
 d - a scroll of immolation
 e - a scroll of amnesia {unknown}
 g - a scroll of teleportation
 h - a scroll of enchant armour {unknown}
 r - a scroll of magic mapping {unknown}
 v - 3 scrolls of identify {unknown}
 x - a scroll of enchant weapon {unknown}
 B - a scroll of brand weapon {unknown}
Potions
 c - a potion of invisibility
 f - 2 potions of ambrosia {unknown}
 j - 2 potions of curing
 k - 2 potions of heal wounds {unknown}
 n - 3 potions of haste {unknown}
 o - 2 potions of mutation {unknown}
 p - a potion of flight {unknown}
 q - a potion of degeneration {unknown}
 z - a potion of lignification {unknown}


   Skills:
 - Level 3.0 Fighting
 + Level 3.1 Short Blades
 - Level 1.7 Dodging
 + Level 4.3 Stealth
 - Level 2.0 Spellcasting
 + Level 4.5 Hexes


You had one spell level left.
You knew the following spells:

 Your Spells              Type           Power      Damage    Failure   Level
a - Confusing Touch       Hex            18%        N/A       9%          3
d - Tukima's Dance        Hex            18%        N/A       9%          3
e - Ensorcelled Hibernat  Hex/Ice        18%        N/A       11%         2

Your spell library contained the following spells:

 Spells                   Type           Power      Damage    Failure   Level
 Dazzling Flash           Conj/Hex       18%        N/A       22%         3


Dungeon Overview and Level Annotations

Branches:
Dungeon (4/15)
 Temple: D:4-7

Altars:
Hepliaklqana
Wu Jian

Annotations:
D:4 1 runed translucent door, Grinder; Natasha; bchevrier's ghost, amateur GnWn


Innate Abilities, Weirdness & Mutations

You have a pair of horns on your head.
You may rarely emit foul miasma when damaged in melee.
A meltable shield of frost defends you. (SH +4)


Message History

The ogre hits you with a +0 giant spiked club!!
You hear a shout!
You hit the ogre.
The ogre looks as sick as possible!
The ogre is severely wounded.
You hit the ogre.
The ogre looks as sick as possible!
The ogre is almost dead.
The ogre hits you with a +0 giant spiked club!
You hit the ogre.
The ogre looks as sick as possible!
The ogre is almost dead.
You kill the ogre!
Training target 3.0 for Fighting reached!
Your Fighting skill increases to level 3!
Your Short Blades skill increases to level 3!
Grinder gestures at you. You resist with significant effort.
Grinder blinks!
Grinder attacks as you move away! Grinder misses you.
Grinder blinks!
Grinder blinks!
There is a stone staircase leading up here.
Casting: Ensorcelled Hibernation (safe; 11% risk of failure)
Confirm with . or Enter, or press ? or * to list all spells.
You miscast Confusing Touch.
You are very lightly contaminated with residual magic.
Nothing appears to happen.
You block Grinder's attack.
You hit Grinder but do no damage.
Grinder is poisoned.
Grinder hits you.
You writhe in agony.
You hit Grinder.
Grinder is lightly wounded.
Grinder gestures at you. Pain shoots through your body!
* * * LOW HITPOINT WARNING * * *
You feel better. Grinder hits you.
* * * LOW HITPOINT WARNING * * *
You writhe in agony.
* * * LOW HITPOINT WARNING * * *
Casting: Confusing Touch (dangerous; 9% risk of failure)
Confirm with . or Enter, or press ? or * to list all spells.
Your hands begin to glow red.
Grinder hits you!
You die...

#.# #.# #)# #.#
########.#
.........#########
######...........#
...# #..#....###5#
##.# #....##.# #@#
#.# #..####.###.#
##.###..## #.....#
.........# ####..#
##.###...# #..#
#.###...## #..#
#....###.# #..#
####.# #.#####..#
#####.###..>.....#


You could see Grinder (very poisoned).

Vanquished Creatures
  An ogre (D:4)
  A phantom (D:4)
  A scorpion (D:4)
  Jessica (D:3)
  Robin (D:2)
  6 adders
  2 worms (D:3)
  2 dart slugs
  3 orcs
  7 ball pythons
  6 bats
  8 endoplasms
  2 giant cockroaches (D:3)
  4 hobgoblins
  4 jackals (D:2)
  A quokka (D:2)
  3 frilled lizards
  16 goblins
  9 kobolds
  5 rats
83 creatures vanquished.

Vanquished Creatures (others)
  A bat (D:2)
  A goblin (D:2)
2 creatures vanquished.

Grand Total: 85 creatures vanquished

Notes
Turn   | Place    | Note
-------+----------+-------------------------------------------
     0 | D:1      | porpoise the Demonspawn Enchanter began the quest for the
                  | Orb.
     0 | D:1      | Reached XP level 1. HP: 13/13 MP: 3/3
    68 | D:1      | Reached skill level 1 in Short Blades
   148 | D:1      | Gained mutation: You may rarely emit foul miasma when
                  | damaged in melee. [demonic ancestry]
   148 | D:1      | Reached XP level 2. HP: 20/20 MP: 5/5
   350 | D:1      | Learned a level 2 spell: Ensorcelled Hibernation
   630 | D:2      | Found an ornate altar of the Wu Jian Council.
   645 | D:2      | Reached skill level 1 in Fighting
   829 | D:2      | Gained mutation: A meltable shield of frost defends you.
                  | (SH +4) [demonic ancestry]
   829 | D:2      | Reached XP level 3. HP: 23/26 MP: 6/6
  1014 | D:2      | Learned a level 3 spell: Confusing Touch
  1150 | D:2      | Noticed Robin
  1368 | D:2      | Gained mutation: You have a pair of small horns on your
                  | head. [demonic ancestry]
  1368 | D:2      | Reached XP level 4. HP: 32/32 MP: 2/7
  1544 | D:2      | Killed Robin
  2087 | D:3      | Noticed Jessica
  2130 | D:3      | Killed Jessica
  2131 | D:3      | Reached XP level 5. HP: 38/38 MP: 1/8
  2189 | D:3      | Learned a level 3 spell: Tukima's Dance
  2772 | D:3      | Found a faded altar of an unknown god.
  3243 | D:4      | Found a hazy altar of Hepliaklqana.
  3256 | D:4      | Noticed a phantom
  3265 | D:4      | Killed a phantom
  3379 | D:4      | Found a runed translucent door.
  3381 | D:4      | Noticed bchevrier's ghost (amateur GnWn)
  3509 | D:4      | Noticed Natasha
  3520 | D:4      | Gained mutation: You have a pair of horns on your head.
                  | [demonic ancestry]
  3520 | D:4      | Reached XP level 6. HP: 41/46 MP: 2/9
  3658 | D:4      | Noticed Grinder
  3690 | D:4      | Slain by Grinder

Illustrated notes

Levels and vault maps discovered:
D:1:      kennysheep_arrival_seaside, layout_rooms
D:2:      layout_basic, basic_altar, grunt_ministairs_7, uniq_robin
D:3:      layout_loops_ring, shapermc_ecumenical_altar_petra, uniq_jessica
D:4:      layout_loops_ring, mainiacjoe_overflow_paths,
          mainiacjoe_overflow_chevrons, ebering_ghost_inner_flame,
          hangedman_decor_push, mrwooster_statue_mirror, uniq_natasha,
          uniq_grinder

Skill      XL: |  1  2  3  4  5  6 |
---------------+-------------------+-----
Short Blades   | 1 2 3 |  3.1
Fighting       | 1 2 3 |  3.0
Stealth        | 3 4 |  4.3
Hexes          | 4 |  4.5
Dodging        | |  1.7
Spellcasting   | |  2.0

Action                     |  1- 3 |  4- 6 || total
---------------------------+-------+-------++-------
  Melee: Dagger            |   115 |   128 ||   243
         Headbutt          |       |    21 ||    21
         Short sword       |       |     5 ||     5
   Fire: Sling             |       |    12 ||    12
   Cast: Ensorcelled Hiber |    14 |    11 ||    25
         Confusing Touch   |       |    10 ||    10
    Use: Potion            |       |     4 ||     4
         Scroll            |       |     2 ||     2
   Stab: Sleeping          |    11 |     9 ||    20
         Distracted        |     1 |       ||     1
         Invisible         |       |     3 ||     3
         Confused          |       |     1 ||     1
 Armour: Robe              |    13 |    26 ||    39
  Dodge: Dodged            |    55 |   102 ||   157
  Block: Other             |    11 |    29 ||    40

Table legend: (Time is in decaauts)
 A = Elapsed time spent in this place.
 B = Non-inter-level travel time spent in this place.
 C = Inter-level travel time spent in this place.
 D = Time resting spent in this place.
 E = Time spent auto-exploring this place.
 F = Levels seen in this place.
 G = Mean time per level.
                   A        B        C        D        E       F      G
               +--------+--------+--------+--------+--------+-----+--------+
         Total |   3681 |   3532 |    149 |   1016 |   1516 |   4 |  920.2 |
       Dungeon |   3681 |   3532 |    149 |   1016 |   1516 |   4 |  920.2 |
               +--------+--------+--------+--------+--------+-----+--------+

Top non-repeatable levels by time:
     D:2: 1320 daAuts
     D:3: 1091 daAuts
     D:4: 656 daAuts
     D:1: 613 daAuts
